 Dungeon Crawl Stone Soup version 0.21.1-1-g345015f (webtiles) character file.

1404 Fang the Chopper (level 8, -2/51 HPs)
             Began as a Gargoyle Berserker on May 21, 2018.
             Was a Priest of Trog.
             Slain by a killer bee (4 damage)
             ... on level 7 of the Dungeon.
             The game lasted 00:06:44 (6177 turns).

Fang the Chopper (Gargoyle Berserker)               Turns: 6177, Time: 00:06:45

Health: -2/51      AC: 15    Str: 22    XL:     8   Next: 70%
Magic:  8/8        EV: 12    Int:  9    God:    Trog [***...]
Gold:   301        SH:  0    Dex:  9    Spells: 7/7 levels left

rFire    + . .     SeeInvis .   a - +0 hand axe
rCold    . . .     Gourm    .   (no shield)
rNeg     + . .     Faith    .   y - +2 ring mail {rC+}
rPois    ∞         Spirit   .   (no helmet)
rElec    +         Reflect  .   z - +1 cloak {+Inv}
rCorr    .         Harm     .   (no gloves)
MR       .....                  (no boots)
Stlth    ++........             (no amulet)
HPRegen  0.17/turn              p - ring of fire
MPRegen  0.11/turn              s - ring of stealth

@: no status effects
A: negative energy resistance 1, electricity resistance, unbreathing,
petrification resistance, rot immunity, AC +5
a: Berserk, Trog's Hand, Burn Spellbooks, Renounce Religion, Evoke Invisibility


You were on level 7 of the Dungeon.
You worshipped Trog.
Trog was most pleased with you.
You were not hungry.

You visited 2 branches of the dungeon, and saw 8 of its levels.

You collected 301 gold pieces.

Inventory:

Hand Weapons
 a - a +0 hand axe (weapon)
Armour
 y - a +2 ring mail of cold resistance (worn)
 z - a +1 cloak of invisibility (worn)
Jewellery
 j - an uncursed ring of positive energy
 p - a ring of fire (left hand)
 s - a ring of stealth (right hand)
Wands
 u - a wand of paralysis (14)
 x - a wand of flame (46)
Scrolls
 d - 4 scrolls of teleportation {unknown}
 e - 9 scrolls of remove curse {unknown}
 h - 2 scrolls of magic mapping {unknown}
 k - a scroll of random uselessness {unknown}
 l - 5 scrolls of identify {unknown}
 m - a scroll of noise {unknown}
 q - a scroll of blinking {unknown}
 r - a scroll of fog {unknown}
Potions
 f - 3 potions of resistance {unknown}
 g - a potion of berserk rage {unknown}
 i - a potion of flight {unknown}
 n - 2 potions of heal wounds {unknown}
 o - a potion of might {unknown}
 t - a potion of cancellation {unknown}
 w - a potion of curing {unknown}
Books
 v - a book of Changes

   Spells                             Type                      Level
   a - Beastly Appendage              Transmutation                1
   b - Sticks to Snakes               Transmutation                2
   c - Spider Form                    Transmutation/Poison         3
   d - Ice Form                       Ice/Transmutation            4
   e - Blade Hands                    Transmutation                5
   Trog disapproves of the use of such an item.
Comestibles
 c - 15 rations


   Skills:
 + Level 5.8 Fighting
 + Level 7.3 Axes
 + Level 2.8 Armour
 + Level 4.2 Dodging
 + Level 3.2 Stealth


You had 7 spell levels left.
You didn't know any spells.

Dungeon Overview and Level Annotations

Branches:
Dungeon (7/15)             Temple (1/1) D:4

Altars:
Ashenzari
Cheibriados
Dithmenos
Elyvilon
Fedhas
Gozag
Hepliaklqana
Makhleb
Nemelex Xobeh
Okawaru
Ru
Sif Muna
Trog
Uskayaw
Vehumet
Wu Jian
Xom
Yredelemnul
Zin
The Shining One

Shops:
D:4 !

Annotations:
D:4 exclusion: statue


Innate Abilities, Weirdness & Mutations

You are resistant to torment.
Your stone body is resilient. (AC +5)
You are immune to poison.
You resist negative energy. (rN+)
You are resistant to electric shocks. (rElec)
You can survive without breathing.
You are immune to petrification.
You are immune to rotting.


Message History

A necrophage comes into view.
The slave shouts!
You hit the killer bee but do no damage.
The killer bee is moderately wounded.
You hear a shout!
The killer bee stings you but does no damage.
The killer bee closely misses you.
You slash the killer bee!
The killer bee is almost dead.
The killer bee stings you.
* * * LOW HITPOINT WARNING * * *
The killer bee closely misses you.
You barely miss the killer bee.
The killer bee is almost dead.
The killer bee stings you.
* * * LOW HITPOINT WARNING * * *
You closely miss the killer bee.
The killer bee is almost dead.
The killer bee misses you. The killer bee stings you.
You die...

### ..# #.# #.#
#@# #y#
Y.#.###Z##
......nyF#
.......p.$.....
..#...#.....#.#
#.#.###....y.
.>./. ###...
..### ...


You could see a slave, a necrophage, a bullfrog, 2 killer bees and a bullfrog
zombie.

Vanquished Creatures
  Edmund (D:5)
  2 phantoms (D:5)
  The ghost of robbits the Charmwright, an amateur GnSk of Cheibriados (D:3)
  A necrophage (D:4)
  A centaur (D:3)
  A bullfrog (D:6)
  A water moccasin zombie (D:6)
  A scorpion (D:4)
  A howler monkey (D:5)
  2 electric eels (D:6)
  A hound (D:5)
  6 orc priests (D:5)
  A jelly (D:5)
  An orc wizard (D:5)
  Crazy Yiuf (D:5)
  Ijyb (D:5)
  An iguana (D:4)
  2 worker ants
  A killer bee zombie (D:5)
  6 adders
  A shadow imp (D:4)
  An adder zombie (D:6)
  3 leopard geckos
  9 orcs
  5 bats
  9 giant cockroaches
  18 goblins
  5 hobgoblins
  A quokka (D:5)
  4 frilled lizards
  A jackal skeleton (D:4)
  5 kobolds
  A leopard gecko skeleton (D:5)
  A leopard gecko zombie (D:5)
  6 rats
103 creatures vanquished.

Vanquished Creatures (others)
  An orc wizard (D:5)
  A shadow imp (D:6)
2 creatures vanquished.

Grand Total: 105 creatures vanquished

Notes
Turn   | Place    | Note
-------+----------+-------------------------------------------
     0 | D:1      | Fang the Gargoyle Berserker began the quest for the Orb.
     0 | D:1      | Reached XP level 1. HP: 14/14 MP: 1/1
   333 | D:1      | Reached XP level 2. HP: 18/19 MP: 2/2
   355 | D:1      | Reached skill level 3 in Axes
  1081 | D:2      | Found a hazy altar of Hepliaklqana.
  1090 | D:2      | Reached XP level 3. HP: 21/23 MP: 3/3
  1211 | D:2      | You fall through a shaft!
  1412 | D:2      | Found a white marble altar of Elyvilon.
  1849 | D:3      | Reached ** piety under Trog
  1860 | D:3      | Noticed robbits's ghost (amateur GnSk)
  1876 | D:3      | Killed robbits's ghost
  1876 | D:3      | Reached skill level 4 in Axes
  1876 | D:3      | Reached XP level 4. HP: 14/29 MP: 4/4
  1876 | D:3      | Reached XP level 5. HP: 16/33 MP: 5/5
  2381 | D:3      | Reached skill level 1 in Stealth
  2489 | D:3      | Noticed a centaur
  2498 | D:3      | Killed a centaur
  2498 | D:3      | Reached XP level 6. HP: 23/39 MP: 6/6
  3212 | D:4      | Found Gebes's Distillery.
  3359 | D:4      | Noticed a necrophage
  3364 | D:4      | Killed a necrophage
  3364 | D:4      | Reached skill level 5 in Axes
  3743 | D:4      | Found a staircase to the Ecumenical Temple.
  3778 | D:4      | Found a radiant altar of Vehumet.
  3797 | D:4      | Found a shimmering altar of Xom.
  3846 | D:4      | Reached XP level 7. HP: 30/44 MP: 7/7
  4029 | Temple   | Entered the Ecumenical Temple
  4326 | D:5      | Entered Level 5 of the Dungeon
  4586 | D:5      | Reached skill level 5 in Fighting
  4626 | D:5      | Reached *** piety under Trog
  4632 | D:5      | Reached skill level 6 in Axes
  4905 | D:5      | Noticed Ijyb
  4910 | D:5      | Paralysed by Ijyb for 3 turns
  4919 | D:5      | Killed Ijyb
  5046 | D:5      | Reached XP level 8. HP: 22/49 MP: 8/8
  5277 | D:5      | Noticed Edmund
  5301 | D:5      | Killed Edmund
  5561 | D:5      | Found a sparkling altar of Nemelex Xobeh.
  5780 | D:5      | Found a runed door.
  5841 | D:5      | Noticed Crazy Yiuf
  5847 | D:5      | Killed Crazy Yiuf
  5847 | D:5      | Reached skill level 7 in Axes
  6175 | D:7      | HP: 2/51 [killer bee (6)]
  6177 | D:7      | Slain by a killer bee

Skill      XL: |  1  2  3  4  5  6  7  8 |
---------------+-------------------------+-----
Axes           | 3 4 5 6 7 |  7.3
Dodging        | 2 3 4 |  4.2
Fighting       | 4 5 |  5.8
Stealth        | 1 2 3 |  3.2
Armour         | |  2.8

Action                   |  1- 3 |  4- 6 |  7- 9 || total
-------------------------+-------+-------+-------++-------
Melee: Hand axe          |   101 |   128 |   232 ||   461
Invok: Berserk           |     2 |     2 |     6 ||    10
 Stab: Sleeping          |       |     2 |     2 ||     4
  Eat: Chunk             |     3 |     6 |     7 ||    16
       Ration            |       |     1 |     2 ||     3
Armor: Animal skin       |    20 |    48 |    51 ||   119
       Ring mail         |       |       |    40 ||    40
Dodge: Dodged            |    57 |    94 |   124 ||   275
